 Dungeon Crawl Stone Soup version 0.31.0-2-g5a2aebc5c2 (webtiles) character file.

Game seed: 11930413241383420551

314 stipulation the Ruffian (level 6, -1/51 HPs)
             Began as a Ghoul Monk on Jan 20, 2024.
             Slain by a black bear (5 damage)
             ... on level 4 of the Dungeon.
             The game lasted 00:01:57 (2441 turns).

stipulation the Ruffian (Ghoul Monk)                Turns: 2441, Time: 00:01:58

Health: -1/51      AC: 13    Str: 17    XL:     6   Next: 43%
Magic:  6/6        EV:  8    Int:  9    God:
Gold:   57         SH:  0    Dex: 11    Spells: 5/5 levels left

rFire   . .          .
                       - Unarmed
rCold   + . .        c - orb {light}
rNeg    + + +        o - +0 chain mail
rPois   ∞            p - +0 helmet
rElec   .            (no cloak)
rCorr   .            m - +2 pair of gloves
SInv    .            e - +0 pair of boots
Will    .....        (no amulet) Stlth
                     (no ring)
HPRegen 0.00/turn    (no ring)
MPRegen 0.10/turn

%: no passive effects
@: inhibited regen, glowing
A: claws 1, cold resistance 1, negative energy resistance 3, inhibited
regeneration, torment resistance 2, devour on kill
a: no special abilities


You were on level 4 of the Dungeon.
You visited 1 branch of the dungeon, and saw 4 of its levels.

You collected 153 gold pieces.
You spent 96 gold pieces at shops.

Inventory:

Armour
 a - a +0 robe
 c - an orb of light (worn)
 e - a +0 pair of boots (worn)
 m - a +2 pair of gloves (worn)
 o - a +0 chain mail (worn)
 p - a +0 helmet (worn)
Jewellery
 k - a ring of magical power
Scrolls
 f - 2 scrolls of identify {unknown}
 g - a scroll of vulnerability {unknown}
 h - 2 scrolls of fear {unknown}
 l - a scroll of fog {unknown}
 q - a scroll of noise {unknown}
Potions
 b - 2 potions of ambrosia
 d - 5 potions of haste {unknown}
 i - 2 potions of heal wounds
 j - 2 potions of curing
 n - a potion of berserk rage {unknown}


   Skills:
 - Level 3.2 Fighting
 + Level 1.3 Armour
 - Level 2.6 Dodging
 - Level 1.1 Stealth
 + Level 7.3 Unarmed Combat


You had 5 spell levels left.
You didn't know any spells.
Your spell library contained the following spells:

 Spells                   Type           Power      Damage    Failure   Level
 Mercury Vapours          Alch/Air       0%         N/A       100%        2
 Mephitic Cloud           Conj/Alch/Air  0%         N/A       100%        3
 Freezing Cloud           Conj/Ice/Air   0%         6-21      100%        5


Dungeon Overview and Level Annotations

Branches:
Dungeon (4/15)
 Temple: D:4-7

Altars:
Fedhas

Shops:
D:3 !   D:4 :

Annotations:
D:1 1 exclusion


Innate Abilities, Weirdness & Mutations

You are immune to poison.
You have sharp fingernails.
Your flesh is cold resistant. (rC+)
You are immune to negative energy. (rN+++)
You do not regenerate when monsters are visible.
You are immune to unholy pain and torment.
You thrive by killing the living.


Message History

You are too injured to fight recklessly!
You are too injured to fight recklessly!
You are too injured to fight recklessly!
You are too injured to fight recklessly!
You are too injured to fight recklessly!
You are too injured to fight recklessly!
The quokka attacks as it pursues you!
The quokka bites you but does no damage.
The quokka closely misses you.
You barely miss the quokka.
The quokka bites you but does no damage.
You barely miss the quokka. You punch the black bear!
The black bear is severely wounded.
You hit the black bear.
The black bear is severely wounded.
The black bear goes berserk!
You barely miss the black bear.
The black bear is severely wounded.
The black bear barely misses you.
The black bear claws you but does no damage.
The black bear claws you.
You barely miss the black bear.
The black bear is severely wounded.
The black bear bites you but does no damage.
The black bear claws you.
The black bear claws you but does no damage.
You hit the black bear.
The black bear is almost dead.
The black bear bites you. The black bear barely misses you.
The black bear claws you.
* * * LOW HITPOINT WARNING * * *
The black bear bites you but does no damage.
The black bear claws you but does no damage.
The black bear claws you.
* * * LOW HITPOINT WARNING * * *
You hit the black bear.
The black bear is almost dead.
The black bear bites you.
You die...

........... ..(...........
<......#... .............
.......#...^. ............
............# ...........
.#..........## ..........
###..........# ..........
##...........###.#........
.........#...##.##S∩......
......#..#......@hrg......
......#..........##.#.....
..#.......#.#.....###.....
..#.##.#..###.............
.......#..##..##...##.....
...##......#..##...# . .
#.###.............##
...##......#..##..#
.#......##.#.......


You could see a black bear (berserk), an adder, a quokka and a hobgoblin.

Vanquished Creatures
  An ogre (D:4)
  A hound (D:3)
  An orc wizard (D:3)
  Terence (D:2)
  7 adders
  4 dart slugs
  A ribbon worm (D:4)
  4 orcs (D:3)
  7 ball pythons
  6 endoplasms
  A giant cockroach (D:4)
  8 goblins
  7 hobgoblins
  8 kobolds
  4 quokkas
  9 bats
  A frilled lizard (D:3)
  5 rats
76 creatures vanquished.

Notes
Turn   | Place    | Note
-------+----------+-------------------------------------------
     0 | D:1      | stipulation the Ghoul Monk began the quest for the Orb.
     0 | D:1      | Reached XP level 1. HP: 19/19 MP: 1/1
   102 | D:1      | Reached XP level 2. HP: 16/26 MP: 2/2
   231 | D:1      | Reached skill level 4 in Unarmed Combat
   278 | D:1      | Found a faded altar of an unknown god.
   320 | D:1      | Reached XP level 3. HP: 22/31 MP: 3/3
   871 | D:2      | Reached skill level 5 in Unarmed Combat
  1049 | D:2      | Noticed Terence
  1062 | D:2      | Killed Terence
  1063 | D:2      | Reached skill level 1 in Stealth
  1063 | D:2      | Reached XP level 4. HP: 19/38 MP: 4/4
  1734 | D:3      | Reached XP level 5. HP: 45/45 MP: 5/5
  1770 | D:3      | Reached skill level 6 in Unarmed Combat
  1816 | D:3      | Found Uxtyunwe's Distillery.
  1822 | D:3      | Bought a potion of curing for 36 gold pieces
  1822 | D:3      | Bought a potion of heal wounds for 60 gold pieces
  1917 | D:3      | Found a blossoming altar of Fedhas.
  2347 | D:4      | Reached XP level 6. HP: 51/51 MP: 6/6
  2412 | D:4      | Found Vujeclim's Book Shoppe.
  2422 | D:4      | Noticed a black bear
  2431 | D:4      | Reached skill level 1 in Armour
  2431 | D:4      | Reached skill level 7 in Unarmed Combat
  2441 | D:4      | Slain by a black bear

Illustrated notes

Levels and vault maps discovered:
D:1:      nagdon_arrival_zigzag_paths, layout_basic, basic_ecumenical_altar,
          chequers_mini_garden
D:2:      layout_loops_ring, uniq_terence
D:3:      layout_basic, overflow_temple_1_default, serial_shops, shop
D:4:      layout_cave_pools, grunt_dithmenos_smoke_and_mirrors,
          mainiacjoe_sewer_entry_somewhere_in_here_2, serial_shops, shop,
          corexii_hall_statues_t

Skill      XL: |  1  2  3  4  5  6 |
---------------+-------------------+-----
Unarmed Combat | 4 5 6 7 |  7.3
Stealth        | 1 |  1.1
Armour         | 1 |  1.3
Fighting       | |  3.2
Dodging        | |  2.6

Action                     |  1- 3 |  4- 6 || total
---------------------------+-------+-------++-------
  Melee: Unarmed           |    78 |   125 ||   203
 Armour: Robe              |    41 |     6 ||    47
         Chain mail        |       |   105 ||   105
  Dodge: Dodged            |    42 |    46 ||    88
